 Dungeon Crawl Stone Soup version 0.16.1-2-g95b8d4c (webtiles) character file.

470 Rule34Fan the Skirmisher (level 6, -3/56 HPs)
             Began as a Minotaur Berserker on Mar 25, 2015.
             Was an Elder of Trog.
             Slain by Eustachio
             ... wielding a +0 falchion
              (4 damage)
             ... on level 4 of the Dungeon.
             The game lasted 00:29:58 (3672 turns).

Rule34Fan the Skirmisher (Minotaur Berserker)       Turns: 3672, Time: 00:29:58

Health: -3/56      AC:  3    Str: 24      XL:     6   Next: 82%
Magic:  3/3        EV: 12    Int:  4      God:    Trog [****..]
Gold:   101        SH:  0    Dex:  6 (9)  Spells: 0 memorised, 5 levels left

rFire  . . .     SeeInvis .     a - +0 hand axe
rCold  . . .     Clarity  .     n - +1 animal skin
rNeg   . . .     SustAb   .     (no shield)
rPois  .         Gourm    .     (helmet restricted)
rElec  .         Spirit   .     (no cloak)
rCorr  .         Warding  .     (no gloves)
rMut   .         Stasis   .     (no boots)
MR     .....                    (no amulet)
Stlth  +.........               (no ring)
                                (no ring)

@: exhausted, slowed, very slow, not resistant to hostile enchantments, very
unstealthy
A: retaliatory headbutt, horns 2
a: Burn Spellbooks, Berserk, Trog's Hand, Brothers in Arms, Renounce Religion


You were on level 4 of the Dungeon.
You worshipped Trog.
Trog was greatly pleased with you.
You were not hungry.

You visited 1 branch of the dungeon, and saw 4 of its levels.

You collected 101 gold pieces.

Inventory:

Hand weapons
 a - a +0 hand axe (weapon)
 j - a +0 hunting sling
Missiles
 m - 46 stones (quivered)
Armour
 n - a +1 animal skin (worn)
Scrolls
 b - a scroll of identify
 e - a scroll of immolation {unknown}
 s - a scroll of magic mapping
Potions
 d - a potion of brilliance
 g - a potion of beneficial mutation
 i - a potion of restore abilities
 o - a potion of cancellation
 u - a potion of mutation
Comestibles
 c - 3 bread rations
 l - 4 meat rations
 p - a slice of pizza


   Skills:
 - Level 5.3 Fighting
 - Level 4.7 Axes
 + Level 4.9(5.2) Slings
 * Level 2.3(3.7) Throwing
 - Level 2.6 Armour
 - Level 2.3 Dodging
 + Level 1.2 Stealth


You had 5 spell levels left.
You didn't know any spells.

Dungeon Overview and Level Annotations

Branches:
Dungeon (4/15)             Temple (0/1) D:4

Altars:
Ashenzari

Annotations:
D:4 Eustachio


Innate Abilities, Weirdness & Mutations

You reflexively headbutt those who attack you in melee.
You have a pair of horns on your head.


Message History

The quokka bites you.
* * * LOW HITPOINT WARNING * * *
You continue eating.
The quasit barely misses you. x3
The quasit bites you but does no damage.
The quasit claws you.
* * * LOW HITPOINT WARNING * * *
You feel clumsy. The quasit closely misses you.
Eustachio twirls his moustache.
The quasit bites you.
* * * LOW HITPOINT WARNING * * *
You feel clumsy.
The quasit claws you but does no damage.
The quasit closely misses you. The quokka bites you.
* * * LOW HITPOINT WARNING * * *
The river rat barely misses you. The quasit barely misses you.
The quasit closely misses you. The quasit barely misses you.
Eustachio hits you with a falchion.
You die...

#....##........### #.
#[..##........# ...##
#...##........## ......
#..≈≈≈...........
..###.###.≈≈§§≈.##.#.###.
..###....≈§§§≈§≈##.#.....
#..###..(.§§§>§§§.#.#.##..
#...#....@r§≈≈≈§≈.#.# ....
#...#....@r5≈§§≈....# #..
#.._....55.≈§≈..##.# ###
#..#......##..### .# ###.
#..#......###.## ......
#.###..........# ......
...###..........# ......
..###.?......... ......
#.............#. .(.....
###...........# .......


You could see Eustachio, an iron imp, 2 quasits, a river rat and a quokka.

Vanquished Creatures
  2 ogres (D:4)
  A scorpion (D:4)
  A quasit (D:4)
  A crimson imp (D:4)
  Jessica (D:2)
  Robin (D:2)
  2 river rats (D:4)
  4 gnolls
  5 adders
  3 worms
  2 giant mites (D:4)
  2 ufetubi (D:4)
  6 orcs (D:3)
  2 ball pythons
  11 bats
  3 giant cockroaches
  22 goblins
  9 hobgoblins
  10 kobolds
  6 quokkas
  2 giant geckos
  3 giant newts
  15 rats
114 creatures vanquished.

Notes
Turn   | Place    | Note
--------------------------------------------------------------
     0 | D:1      | Rule34Fan, the Minotaur Berserker, began the quest for the Orb.
     0 | D:1      | Reached XP level 1. HP: 19/19 MP: 1/1
   129 | D:1      | Reached skill level 4 in Axes
   129 | D:1      | Reached XP level 2. HP: 14/27 MP: 1/1
   516 | D:1      | Reached XP level 3. HP: 31/33 MP: 2/2
   692 | D:2      | Noticed Jessica
   809 | D:2      | Killed Jessica
   871 | D:2      | Acquired Trog's second power
  1017 | D:2      | Noticed Robin
  1022 | D:2      | Reached XP level 4. HP: 41/41 MP: 2/2
  1031 | D:2      | Killed Robin
  1031 | D:2      | Reached skill level 5 in Fighting
  1705 | D:2      | Reached skill level 1 in Slings
  2428 | D:3      | Reached XP level 5. HP: 43/48 MP: 2/2
  2537 | D:3      | Reached skill level 1 in Stealth
  2742 | D:3      | Reached skill level 1 in Throwing
  3213 | D:4      | Noticed an ogre
  3229 | D:4      | Killed an ogre
  3229 | D:4      | Reached XP level 6. HP: 56/56 MP: 3/3
  3385 | D:4      | Noticed an ogre
  3401 | D:4      | Killed an ogre
  3463 | D:4      | Acquired Trog's third power
  3609 | D:4      | Found a staircase to the Ecumenical Temple.
  3620 | D:4      | Found a shattered altar of Ashenzari.
  3623 | D:4      | Noticed Eustachio
  3672 | D:4      | HP: 1/56 [quokka[Eustachio] (2)]
  3672 | D:4      | Slain by Eustachio

Action                   |  1- 3 |  4- 6 || total
-------------------------+-------+-------++-------
Melee: Hand axe          |    58 |    75 ||   133
 Fire: Hunting sling     |       |   141 ||   141
Invok: Berserk           |     3 |     5 ||     8
  Use: Scroll            |     3 |    12 ||    15
       Potion            |       |     1 ||     1
  Eat: Bread ration      |     1 |     1 ||     2
       Chunk             |       |     8 ||     8
       Fruit             |       |     3 ||     3
